 Dungeon Sprint DCSS version 0.28-a0-1629-gf728b707aa (webtiles) character file.

Game seed: 15479186604107780930

528 xpp the Magician (level 7, -2/60 HPs)
             Began as a Gnoll Warper on Jan 25, 2022.
             Was a Follower of Kikubaaqudgha.
             Slain by a +0 vorpal mace (6 damage)
             ... in the Dungeon (Sprint V: "Ziggurat Sprint").
             The game lasted 00:02:39 (112 turns).

xpp the Magician (Gnoll Warper)                      Turns: 112, Time: 00:02:39

Health: -2/60      AC:  3    Str: 18    XL:     7   Next: 23%
Magic:  14/18      EV: 15    Int: 13    God:    Kikubaaqudgha [*.....]
Gold:   0          SH:  9    Dex: 17    Spells: 21/21 levels left

rFire   . . .      SeeInvis .   I - +5 demon blade
rCold   . . .      Faith    .   D - +3 buckler
rNeg    . . .      Spirit   .   a - +0 leather armour
rPois   .          Reflect  .   (no helmet)
rElec   .          Harm     .   (no cloak)
rCorr   .          Rampage  .   (no gloves)
Will    .....      NoTele   +   (no boots)
Stlth   +++.......              (no amulet)
HPRegen 0.20/turn               t - +6 ring of dexterity
MPRegen 0.16/turn               x - +6 ring of strength

@: no status effects
A: fangs 1, strong nose, distributed training
a: Renounce Religion, Receive Corpses


You were in the Dungeon.
You worshipped Kikubaaqudgha.
Kikubaaqudgha was aware of your devotion.
You visited 1 branch

Inventory:

Hand Weapons
 G - a +5 hand crossbow
 I - a +5 demon blade (weapon)
 J - the +7 Singing Sword {vorpal, sonic wave}
   (You found it in the Dungeon)

   It inflicts extra damage upon your enemies.
   It radiates damaging sonic waves as it strikes, especially in combat
   involving dangerous or numerous foes.
 K - the +9 sword of Zonguldrok {reap}
   (You found it in the Dungeon)

   Any living foe damaged by it may be reanimated upon death as a zombie
   friendly to the wielder, with an increasing chance as more damage is dealt.
Missiles
 c - 5 boomerangs of dispersal (quivered)
 H - 1000 bolts
Armour
 a - a +0 leather armour (worn)
 D - a +3 buckler (worn)
 E - a +3 kite shield
 F - +5 gold dragon scales
Jewellery
 t - a +6 ring of dexterity (left hand)
 x - a +6 ring of strength (right hand)
Wands
 z - a wand of mindburst (7)
 A - a wand of iceblast (4)
 B - a wand of acid (5)
Scrolls
 b - 5 scrolls of blinking
 n - 4 scrolls of amnesia
 o - 7 scrolls of fog
 p - a scroll of holy word
 q - 5 scrolls of identify
 r - 2 scrolls of fear
Potions
 d - 10 potions of curing
 e - 10 potions of heal wounds
 f - 6 potions of haste
 g - 7 potions of magic
 h - 3 potions of berserk rage
 i - 2 potions of brilliance
 j - 2 potions of invisibility
 k - 4 potions of resistance
 m - 5 potions of might
Miscellaneous
 C - a lightning rod (3/4)


   Skills:
 + Level 7.2 Fighting
 + Level 5.4 Short Blades
 + Level 5.4 Long Blades
 + Level 5.4 Axes
 + Level 5.4 Maces & Flails
 + Level 5.4 Polearms
 + Level 5.4 Staves
 + Level 5.4 Slings
 + Level 5.4 Bows
 + Level 5.4 Crossbows
 + Level 6.1 Throwing
 + Level 6.1 Armour
 + Level 7.2 Dodging
 + Level 5.4 Stealth
 + Level 5.4 Shields
 + Level 7.2 Unarmed Combat
 + Level 7.5 Spellcasting
 + Level 4.5 Conjurations
 + Level 4.5 Hexes
 + Level 4.5 Summonings
 + Level 4.5 Necromancy
 + Level 7.1 Translocations
 + Level 4.5 Transmutations
 + Level 4.5 Fire Magic
 + Level 4.5 Ice Magic
 + Level 4.5 Air Magic
 + Level 4.5 Earth Magic
 + Level 4.5 Poison Magic
 + Level 6.0 Invocations
 + Level 5.4 Evocations


You had 21 spell levels left.
You didn't know any spells.
Your spell library contained the following spells:

 Spells                   Type           Power      Damage    Failure   Level
 Blink                    Tloc           46%        N/A       1%          2
 Animate Skeleton         Necr           32%        N/A       3%          1
 Pain                     Necr           64%        1d7       3%          1
 Gell's Gravitas          Tloc           23%        N/A       3%          3
 Lesser Beckoning         Tloc           23%        N/A       3%          3
 Teleport Other           Tloc           23%        N/A       3%          3
 Corpse Rot               Necr/Air       32%        N/A       5%          2
 Vampiric Draining        Necr           16%        2d7       11%         3
 Manifold Assault         Tloc           23%        N/A       32%         5


Dungeon Overview and Level Annotations

Branches:
Dungeon (1/1)

Altars:
Ashenzari
Cheibriados
Dithmenos
Elyvilon
Fedhas
Gozag
Hepliaklqana
Kikubaaqudgha
Makhleb
Nemelex Xobeh
Okawaru
Qazlal
Ru
Sif Muna
Trog
Uskayaw
Vehumet
Wu Jian
Xom
Yredelemnul
Zin
The Shining One
Beogh
Jiyva
Lugonu

Annotations:
D 1 transporter


Innate Abilities, Weirdness & Mutations

You have very sharp teeth.
Your uncanny sense of smell can sniff out nearby items.
Your experience applies equally to all skills.


Message History

Your Axes skill gained 2 levels and is now at level 5!
Your Maces & Flails skill gained 2 levels and is now at level 5!
Your Polearms skill gained 2 levels and is now at level 5!
Your Staves skill gained 2 levels and is now at level 5!
Your Slings skill gained 2 levels and is now at level 5!
Your Bows skill gained 2 levels and is now at level 5!
Your Crossbows skill gained 2 levels and is now at level 5!
Your Throwing skill gained 2 levels and is now at level 6!
Your Armour skill gained 2 levels and is now at level 6!
Your Dodging skill gained 2 levels and is now at level 7!
Your Stealth skill gained 2 levels and is now at level 5!
Your Shields skill gained 2 levels and is now at level 5!
Your Unarmed Combat skill gained 2 levels and is now at level 7!
Your Spellcasting skill increases to level 7!
Your Conjurations skill increases to level 4!
Your Hexes skill increases to level 4!
Your Summonings skill increases to level 4!
Your Necromancy skill increases to level 4!
Your Translocations skill increases to level 7!
Your Transmutations skill increases to level 4!
Your Fire Magic skill increases to level 4!
Your Ice Magic skill increases to level 4!
Your Air Magic skill increases to level 4!
Your Earth Magic skill increases to level 4!
Your Poison Magic skill increases to level 4!
Your Invocations skill gained 2 levels and is now at level 6!
Your Evocations skill gained 2 levels and is now at level 5!
You have reached level 6!
You have reached level 7!
Aiming: Thunderbolt
Press: ? - help, Shift-Dir - straight line, f/p - +0 vorpal mace
Aim: a +0 vorpal mace (severely damaged)
The thunderbolt hits something!
The thunderbolt hits the +0 vorpal mace.
The +0 vorpal mace completely resists.
The +0 vorpal mace is severely damaged.
The +0 vorpal mace hits you!!
* * * LOW HITPOINT WARNING * * *
You die...
Kikubaaqudgha rasps: "You have failed me!
Welcome... death!"

▓▓▓▓▓▓▓▓▓▓▓▓▓
▓.8©8.▓.8©8.▓
∆∆∆
▓.)?).▓.....▓
∆
▓.....▓.|.).▓
▓.....▓.†...▓
▓.)...▓.....▓
▓..(..▓..©..▓
▓..@..▓▓▓▓▓▓▓
▓▓▓▓▓▓▓ ∆∆∆
∆∆∆ ∆ ∆ ∆


You could see a +0 vorpal mace.

Vanquished Creatures
  A deep elf pyromancer (D)
  2 scorpions (D)
3 creatures vanquished.

Notes
Turn   | Place    | Note
-------+----------+-------------------------------------------
     0 | D        | xpp the Gnoll Warper began the quest for the Orb.
     0 | D        | Reached XP level 1. HP: 20/20 MP: 6/6
     0 | D        | Found a shimmering blue altar of Sif Muna.
     0 | D        | Found a sacrificial altar of Ru.
     0 | D        | Found a bloodstained altar of Trog.
     0 | D        | Found a stormy altar of Qazlal.
     0 | D        | Found an iron altar of Okawaru.
     0 | D        | Found a sparkling altar of Nemelex Xobeh.
     0 | D        | Found a blossoming altar of Fedhas.
     0 | D        | Found the +6 Majin-Bo {vamp, MP+6 Int+6}
     0 | D        | Found the +9 heavy crossbow "Sniper" {vorpal, Acc+∞ SInv}
     0 | D        | Found the +10 dark maul {vorpal}
     0 | D        | Found the +15 Maxwell's patent armour {-Cast -Tele rElec
                  | Will+ rCorr}
     0 | D        | Found the +18 shield of the Gong {rElec rN+ Will+ EV-5}
     0 | D        | Found the +14 obsidian axe {vorpal, Mesm Drain Fly SInv}
     0 | D        | Found the +7 great mace "Firestarter" {inner flame, rF++}
     0 | D        | Found the +6 shillelagh "Devastator" {shatter}
     0 | D        | Found the +11 plutonium sword {Contam Stlth-}
     0 | D        | Found the +8 lance "Wyrmbane" {slay drac, rPois rF+ rC+
                  | AC+3}
     0 | D        | Found the +9 sword of Zonguldrok {reap}
     0 | D        | Found the +13 scythe of Curses {drain, Drain}
     0 | D        | Found the +5 sword of Power {vorpal}
     0 | D        | Found the +7 mace of Variability {chain chaos}
     0 | D        | Found the +7 Singing Sword {vorpal, sonic wave}
     0 | D        | Found the +8 storm bow {elec, penet}
     2 | D        | Found a transporter.
     2 | D        | Found an ancient bone altar of Kikubaaqudgha.
     2 | D        | Found a viscous altar of Jiyva.
     2 | D        | Found a corrupted altar of Lugonu.
     2 | D        | Found a hazy altar of Hepliaklqana.
     2 | D        | Found a burning altar of Makhleb.
     2 | D        | Found an opulent altar of Gozag.
    50 | D        | Reached skill level 5 in Fighting
    50 | D        | Reached skill level 5 in Dodging
    50 | D        | Reached skill level 5 in Unarmed Combat
    50 | D        | Reached skill level 5 in Spellcasting
    50 | D        | Reached skill level 1 in Conjurations
    50 | D        | Reached skill level 1 in Hexes
    50 | D        | Reached skill level 1 in Summonings
    50 | D        | Reached skill level 1 in Necromancy
    50 | D        | Reached skill level 1 in Transmutations
    50 | D        | Reached skill level 1 in Fire Magic
    50 | D        | Reached skill level 1 in Ice Magic
    50 | D        | Reached skill level 1 in Air Magic
    50 | D        | Reached skill level 1 in Earth Magic
    50 | D        | Reached skill level 1 in Poison Magic
    50 | D        | Reached XP level 2. HP: 27/27 MP: 6/8
    52 | D        | Became a worshipper of Kikubaaqudgha
    77 | D        | Entered arena 2.
    77 | D        | Noticed a scorpion
    77 | D        | Noticed a scorpion
    77 | D        | Found a transporter.
    79 | D        | Killed a scorpion
    80 | D        | Reached XP level 3. HP: 30/33 MP: 10/10
    80 | D        | Reached XP level 4. HP: 35/39 MP: 11/11
    81 | D        | Killed a scorpion
    82 | D        | Reached XP level 5. HP: 42/46 MP: 11/13
   108 | D        | Entered arena 3.
   108 | D        | Noticed a deep elf pyromancer
   108 | D        | Noticed a deep elf knight
   108 | D        | Noticed a +0 vorpal mace
   108 | D        | Found a transporter.
   111 | D        | Killed a deep elf pyromancer
   111 | D        | Reached * piety under Kikubaaqudgha
   111 | D        | Received a gift from Kikubaaqudgha
   112 | D        | Reached skill level 5 in Short Blades
   112 | D        | Reached skill level 5 in Long Blades
   112 | D        | Reached skill level 5 in Axes
   112 | D        | Reached skill level 5 in Maces & Flails
   112 | D        | Reached skill level 5 in Polearms
   112 | D        | Reached skill level 5 in Staves
   112 | D        | Reached skill level 5 in Slings
   112 | D        | Reached skill level 5 in Bows
   112 | D        | Reached skill level 5 in Crossbows
   112 | D        | Reached skill level 5 in Stealth
   112 | D        | Reached skill level 5 in Shields
   112 | D        | Reached skill level 5 in Evocations
   112 | D        | Reached XP level 6. HP: 21/55 MP: 13/16
   112 | D        | Reached XP level 7. HP: 23/60 MP: 14/18
   112 | D        | Slain by a +0 vorpal mace

Illustrated notes

Levels and vault maps discovered:
D:        sprint_v [room_start, room_1, room_2, room_3, room_4, room_5, room_6,
          room_7, room_8, room_9, room_10, room_11, room_12, room_13, room_14,
          room_15, room_16, room_17, room_18, room_19, room_20, room_21,
          room_22, room_23, room_24, room_25, room_26, room_27]

Skill      XL: |  1  2  3  4  5 |
---------------+----------------+-----
Fighting       | 5 7 |  7.2
Short Blades   | 2 3 5 |  5.4
Long Blades    | 2 3 5 |  5.4
Axes           | 2 3 5 |  5.4
Maces & Flails | 2 3 5 |  5.4
Polearms       | 2 3 5 |  5.4
Staves         | 2 3 5 |  5.4
Slings         | 2 3 5 |  5.4
Bows           | 2 3 5 |  5.4
Crossbows      | 2 3 5 |  5.4
Throwing       | 3 4 6 |  6.1
Armour         | 3 4 6 |  6.1
Dodging        | 5 7 |  7.2
Stealth        | 2 3 5 |  5.4
Shields        | 2 3 5 |  5.4
Unarmed Combat | 5 7 |  7.2
Spellcasting   | 5 6 7 |  7.5
Conjurations   | 1 2 3 4 |  4.5
Hexes          | 1 2 3 4 |  4.5
Summonings     | 1 2 3 4 |  4.5
Necromancy     | 1 2 3 4 |  4.5
Transmutations | 1 2 3 4 |  4.5
Fire Magic     | 1 2 3 4 |  4.5
Ice Magic      | 1 2 3 4 |  4.5
Air Magic      | 1 2 3 4 |  4.5
Earth Magic    | 1 2 3 4 |  4.5
Poison Magic   | 1 2 3 4 |  4.5
Invocations    | 2 3 4 6 |  6.0
Evocations     | 2 3 5 |  5.4
Translocations | 6 7 |  7.1

Action                   |  1- 3 |  4- 6 |  7- 9 || total
-------------------------+-------+-------+-------++-------
Evoke: Wand              |     2 |     3 |       ||     5
       Lightning rod     |       |     2 |     1 ||     3
  Use: Potion            |     1 |       |       ||     1
Dodge: Dodged            |       |     1 |       ||     1
Block: Buckler           |       |     1 |       ||     1

Table legend: (Time is in decaauts)
 A = Elapsed time spent in this place.
 B = Non-inter-level travel time spent in this place.
 C = Inter-level travel time spent in this place.
 D = Time resting spent in this place.
 E = Time spent auto-exploring this place.
 F = Levels seen in this place.
 G = Mean time per level.
                   A        B        C        D        E       F      G
               +--------+--------+--------+--------+--------+-----+--------+
         Total |    110 |    110 |      0 |     36 |      5 |   1 |  110.0 |
       Dungeon |    110 |    110 |      0 |     36 |      5 |   1 |  110.0 |
               +--------+--------+--------+--------+--------+-----+--------+

Top non-repeatable levels by time:
       D: 110 daAuts
